 Dungeon Crawl Stone Soup version bcrawl-1.28.1b (webtiles) character file.

Game seed: 361489562295570762

97564 Morbidden the Ducker (level 3, -4/29 HPs)
             Began as a Draconian Archaeologist on Dec 31, 2020.
             Killed from afar by a crimson imp (14 damage)
             ... with a flame tongue
             ... on level 2 of the Dungeon.
             The game lasted 00:01:18 (1480 turns).

Morbidden the Ducker (Draconian Archaeologist)      Turns: 1480, Time: 00:01:18

Health: -4/29      AC:  8    Str: 13    XL:     3   Next: 19%
Magic:  3/3        EV: 13    Int: 15    God:
Gold:   90         SH:  0    Dex:  9    Spells: 2/2 levels left

rFire    . . .     SeeInvis .   a - +0 whip
rCold    . . .     Gourm    .   (no shield)
rNeg     . . .     Faith    .   (armour unavailable)
rPois    .         Spirit   .   b - +1 hat
rElec    .         Reflect  .   (no cloak)
rCorr    .         Harm     .   (no gloves)
MR       .....                  c - +1 pair of boots
Stlth    ++........             (no amulet)
HPRegen  0.09/turn              (no ring)
MPRegen  0.08/turn              (no ring)

@: no status effects
A: unfitting armour, cold-blooded, AC +5
a: no special abilities


You were on level 2 of the Dungeon.
You were hungry.

You visited 1 branch of the dungeon, and saw 2 of its levels.

You collected 90 gold pieces.

Inventory:

Hand Weapons
 a - a +0 whip (weapon)
Armour
 b - a +1 hat (worn)
 c - a +1 pair of boots (worn)
Scrolls
 d - 2 scrolls of magic mapping
 g - a scroll of blinking {unknown}
 i - a scroll of teleportation {unknown}
 k - a scroll of fog {unknown}
 l - a scroll of remove curse {unknown}
 m - a scroll of immolation {unknown}
 o - a scroll of enchant armour {unknown}
Potions
 h - a potion of mutation {unknown}
 j - a potion of heal wounds {unknown}
 n - a potion of magic {unknown}
 p - a potion of cancellation {unknown}
Miscellaneous
 f - a dusty tome
Comestibles
 e - 4 rations {!d}


   Skills:
 * Level 1.7 Fighting
 + Level 1.4 Maces & Flails
 * Level 3.3 Dodging
 + Level 3.2 Stealth


You had 2 spell levels left.
You didn't know any spells.
Your spell library was empty.

Dungeon Overview and Level Annotations

Branches:
Dungeon (2/12)

Altars:


Innate Abilities, Weirdness & Mutations

Your plain brown scales are hard. (AC +5)
You cannot fit into any form of body armour.
You are cold-blooded and may be slowed by cold attacks.


Message History

The crimson imp shouts!
You hit the orc.
Your tail-slap misses the orc.
The orc is severely wounded.
The orc hits you but does no damage. The orc barely misses you.
You completely miss the orc.
The orc is severely wounded.
The orc hits you with a +0 dagger.
You hit the orc but do no damage.
You tail-slap the orc, but do no damage.
The orc is severely wounded.
The orc hits you with a +0 flail of protection!
The orc hits you but does no damage. The crimson imp barely misses you.
You are too injured to fight recklessly!
You are too injured to fight recklessly!
You are too injured to fight recklessly!
You are too injured to fight recklessly!
The orc misses you. The crimson imp breathes fire at you.
The flame tongue hits you!
You die...

#.........####.#
######.####..####.##
#...................
#...###.####.......#
######...###.#
#.#.#...#
...........#.#
#......##
#.........#.#
###.##.#
#.#.......#.# ###...
##.###..@....# ##.#
......5oo..#.# #.#
...#$.#.#b.#.# #. .
#....<..# #
#.........
#....##.#.# #.....
...# .%.... .###
.###.##


You could see a crimson imp, 2 orcs and a bat.

Vanquished Creatures
  2 worms
  A leopard gecko (D:1)
  2 bats (D:1)
  A giant cockroach (D:1)
  3 goblins
  5 hobgoblins
  4 jackals (D:1)
  A kobold (D:1)
  A quokka (D:2)
  2 frilled lizards (D:1)
  3 rats (D:1)
25 creatures vanquished.

Notes
Turn   | Place    | Note
-------+----------+-------------------------------------------
     0 | D:1      | Morbidden the Draconian Archaeologist began the quest for
                  | the Orb.
     0 | D:1      | Reached XP level 1. HP: 16/16 MP: 1/1
   407 | D:1      | Reached XP level 2. HP: 22/23 MP: 2/2
  1205 | D:2      | Reached XP level 3. HP: 29/29 MP: 3/3
  1480 | D:2      | Killed from afar by a crimson imp

Skill      XL: |  1 |
---------------+----+-----
Dodging        | 3 |  3.3
Fighting       | |  1.7
Maces & Flails | |  1.4
Stealth        | |  3.2

Action                   || total
-------------------------++-------
Melee: Whip              ||   147
       Tailslap          ||    12
 Stab: Sleeping          ||     4
  Eat: Chunk             ||     5
Armor: Skin              ||    46
Dodge: Dodged            ||    88
